 Dungeon Sprint DCSS version 0.30.1-11-g7821555f0a (webtiles) character file.

Game seed: 11469943374920633211

7 Groucho the Magician (level 1, 0/10 HPs)
             Began as a Deep Elf Earth Elementalist on Jan 2, 2024.
             Was a Follower of Sif Muna.
             Succumbed to a scorpion's poison
             ... in the Dungeon (Sprint VII: "The Pits").
             The game lasted 00:01:12 (107 turns).

Groucho the Magician (Deep Elf Earth Elementalist)   Turns: 107, Time: 00:01:13

Health: 0/10       AC:  2    Str:  5    XL:     1   Next: 83%
Magic:  7/8        EV: 12    Int: 19    God:    Sif Muna [*.....]
Gold:   0          SH:  0    Dex: 15    Spells: 8/9 levels left

rFire   . . .        h - +2 dagger
rCold   . . .        (no shield)
rNeg    . . .        a - +0 robe
rPois   .            (no helmet)
rElec   .            (no cloak)
rCorr   .            (no gloves)
SInv    .            (no boots)
Will    .....        (no amulet)
Stlth   ++           (no ring)
HPRegen 0.21/turn    (no ring)
MPRegen 0.11/turn

%: no teleportation
@: lethally poisoned (0 -> -12), hasted, very quick
A: no striking features
a: Renounce Religion, Channel Magic


You were in the Dungeon.
You worshipped Sif Muna.
Sif Muna was aware of your devotion.
You visited 1 branch

Inventory:

Hand Weapons
 h - a +2 dagger (weapon)
Armour
 a - a +0 robe (worn)
Scrolls
 g - a scroll of blinking
 j - 5 scrolls of amnesia
 k - a scroll of butterflies
Potions
 b - 5 potions of magic
 c - a potion of curing
 d - a potion of heal wounds
 f - 3 potions of berserk rage
 i - 2 potions of invisibility


   Skills:
 - Level 2.4 Dodging
 - Level 2.4 Stealth
 + Level 4.6 Spellcasting
 - Level 1.1 Transmutations
 + Level 4.4 Earth Magic


You had 8 spell levels left.
You knew the following spells:

 Your Spells              Type           Power      Damage    Failure   Level
a - Sandblast             Erth           42%        2d11      1%          1

Your spell library contained the following spells:

 Spells                   Type           Power      Damage    Failure   Level
 Passwall                 Tmut/Erth      11%        N/A       6%          2
 Stone Arrow              Conj/Erth      24%        3d8       16%         3
 Petrify                  Tmut/Erth      14%        N/A       38%         4


Dungeon Overview and Level Annotations

Branches:
Dungeon (1/1)

Altars:
Ashenzari
Cheibriados
Dithmenos
Elyvilon
Fedhas
Gozag
Hepliaklqana
Kikubaaqudgha
Makhleb
Nemelex Xobeh
Okawaru
Qazlal
Ru
Sif Muna
Trog
Uskayaw
Vehumet
Wu Jian
Xom
Yredelemnul
Zin
The Shining One
Jiyva
Lugonu


Message History

The giant cockroach bites you. The giant cockroach closely misses you.
Casting: Sandblast (safe; 2% risk of failure)
Confirm with . or Enter, or press ? or * to list all spells.
Aiming: Sandblast (safe; 2% risk of failure)
Press: ? - help, Shift-Dir - straight line, f/p - giant cockroach
Aim: a giant cockroach (83% to hit)
The blast of sand hits the giant cockroach!
You kill the giant cockroach!
Sif Muna accepts your kill.
You can now call upon Sif Muna for magical energy.
Unknown command.
You open the door.
A quokka zombie comes into view.
Which direction?
As you close the door, it creaks loudly!
You start resting.
HP restored.
You start resting.
Magic restored.
You open the door.
Casting: Sandblast (safe; 2% risk of failure)
Confirm with . or Enter, or press ? or * to list all spells.
Aiming: Sandblast (safe; 2% risk of failure)
Press: ? - help, Shift-Dir - straight line, f - quokka zombie
Aim: a quokka zombie (dormant, 100% to hit)
The blast of sand hits the quokka zombie!
You destroy the quokka zombie!
Sif Muna accepts your kill.
A scorpion comes into view.
The scorpion moves out of view.
Unknown command.
Unknown command.
You see here a rat corpse.
You feel yourself speed up. The scorpion misses you. The scorpion stings you.
Ouch! That really hurt!
You are lethally poisoned!
The scorpion poisons you!
There is an open door here.
* * * LOW HITPOINT WARNING * * *
You feel very sick.
You die...

########### _________.#
_________.#
_______...###########++
##########'##...........
#.?(.')))'.##......#..#
##########.##..........
#........@..'...........
+#####s#####......#..#.
#..#..#..##...........
#..'†.'..#####'#####+
##+####+###.......#
#.......# #.......#
#...<...# #.......#


You could see a scorpion.

Vanquished Creatures
  An adder skeleton (D)
  A giant cockroach (D)
  A bat (D)
  A quokka zombie (D)
  A rat (D)
5 creatures vanquished.

Notes
Turn   | Place    | Note
-------+----------+-------------------------------------------
     0 | D        | Groucho the Deep Elf Earth Elementalist began the quest for
                  | the Orb.
     0 | D        | Reached XP level 1. HP: 10/10 MP: 6/6
    41 | D        | Found a bloodstained altar of Trog.
    41 | D        | Found a shimmering blue altar of Sif Muna.
    41 | D        | Found a viscous altar of Jiyva.
    41 | D        | Found a hazy altar of Hepliaklqana.
    41 | D        | Found an opulent altar of Gozag.
    42 | D        | Found a glowing golden altar of the Shining One.
    42 | D        | Found a glowing silver altar of Zin.
    42 | D        | Found a basalt altar of Yredelemnul.
    42 | D        | Found a shimmering altar of Xom.
    42 | D        | Found an ornate altar of the Wu Jian Council.
    42 | D        | Found a sacrificial altar of Ru.
    42 | D        | Found a stormy altar of Qazlal.
    42 | D        | Found an iron altar of Okawaru.
    42 | D        | Found a sparkling altar of Nemelex Xobeh.
    42 | D        | Found a burning altar of Makhleb.
    42 | D        | Found a blossoming altar of Fedhas.
    42 | D        | Found a white marble altar of Elyvilon.
    42 | D        | Found a shadowy altar of Dithmenos.
    42 | D        | Found a snail-covered altar of Cheibriados.
    43 | D        | Found a radiant altar of Vehumet.
    43 | D        | Found a corrupted altar of Lugonu.
    44 | D        | Found an ancient bone altar of Kikubaaqudgha.
    44 | D        | Found a hide-covered altar of Uskayaw.
    44 | D        | Found a broken altar of Ashenzari.
    45 | D        | Became a worshipper of Sif Muna the Loreminder
    67 | D        | Reached * piety under Sif Muna
   101 | D        | Noticed a scorpion
   107 | D        | Succumbed to a scorpion's poison

Illustrated notes

Levels and vault maps discovered:
D:        pitsprint [storerooms_1, entrance_room_1, metal_vault_8, armoury_1,
          mini_pit_1, grid_room_1, main_hall_1, silver_pit, the_coven_2,
          the_vestibule_1, steel_vault_1, golden_pit, hallway_of_sentries,
          crystal_vault_1, iron_vault_5, final_vault]

Skill      XL: |  1 |
---------------+----+-----
Spellcasting   | 4 |  4.6
Earth Magic    | 4 |  4.4
Dodging        | |  2.4
Stealth        | |  2.4
Transmutations | |  1.1

Action                     || total
---------------------------++-------
   Cast: Sandblast         ||     8
    Use: Potion            ||     1
  Dodge: Dodged            ||     4
